 Dungeon Crawl Stone Soup version 0.22-a0-110-g5b255cf (webtiles) character file.

13783 omnomnOMINOUS the Spear-Bearer (level 12, 0/94 HPs)
             Began as a Vine Stalker Wizard on Jan 27, 2018.
             Was an Initiate of Dithmenos.
             Slain by a wolf (4 damage)
             ... on level 2 of the Lair of Beasts.
             The game lasted 00:55:32 (13736 turns).

omnomnOMINOUS the Spear-Bearer (VSWz)              Turns: 13736, Time: 00:55:32

Health: 0/94       AC: 26    Str: 14    XL:     12   Next: 9%
Magic:  0/22       EV:  2    Int: 20    God:    Dithmenos [......]
Gold:   715        SH:  0    Dex: 18    Spells: 12/23 levels left

rFire    . . .     SeeInvis .   a - +2 spear (freeze)
rCold    + . .     Gourm    .   (no shield)
rNeg     + + +     Faith    .   (armour currently unavailable)
rPois    +         Spirit   +   (helmet currently unavailable)
rElec    .         Reflect  .   (cloak currently unavailable)
rCorr    .         Harm     .   (gloves currently unavailable)
MR       ++...     NoTele   +   (boots currently unavailable)
Stlth    +++.......             e - amulet "Agav Poi" {rPois Regen+ Str+4 Dex+2}
HPRegen  1.45/turn              y - ring of protection from cold
MPRegen  0.18/turn              K - ring of protection from magic

@: tree-form, very slightly contaminated
A: regeneration 2, magic shield, no potion heal 3, rot immunity
a: Renounce Religion


You were on level 2 of the Lair of Beasts.
You worshipped Dithmenos.
Dithmenos was noncommittal.
You were not hungry.
You were a tree.
You visited 3 branches of the dungeon, and saw 14 of its levels.
You also visited: Sewer.

You collected 715 gold pieces.

Inventory:

Hand Weapons
 a - a +2 spear of freezing (weapon)
 b - a +1 dagger of venom
 c - a +1 short sword of electrocution
Missiles
 f - 8 curare-tipped needles
 r - 5 silver javelins
 I - 2 throwing nets (quivered)
Armour
 o - a +0 leather armour (melded)
 u - a +0 hat (melded)
 w - a +0 pair of gloves (melded)
 z - a +0 cloak (melded)
 A - a +0 buckler
 G - the +2 pair of boots of the Assassin (melded) {Detection Stab+ Stlth++}
   (You found it on level 6 of the Dungeon)

   It makes you much more stealthy.
Magical Staves
 D - an uncursed staff of wizardry {unknown}
Jewellery
 e - the amulet "Agav Poi" (around neck) {rPois Regen+ Str+4 Dex+2}
   (You found it on level 8 of the Dungeon)

   [amulet of regeneration]

   It affects your strength (+4).
   It affects your dexterity (+2).
   It protects you from poison.
   It increases your rate of regeneration.
 g - an uncursed ring of ice
 n - an uncursed amulet of the gourmand
 p - an uncursed amulet of rage
 y - a ring of protection from cold (left branch)
 K - a ring of protection from magic (right branch)
 O - an uncursed ring of protection from fire
Wands
 F - a wand of iceblast (19)
 L - a wand of disintegration (16)
 N - a wand of flame (24)
 R - a wand of polymorph (9)
Scrolls
 j - 2 scrolls of enchant weapon
 k - 2 scrolls of fog {unknown}
 l - a scroll of random uselessness {unknown}
 m - 3 scrolls of magic mapping
 q - 5 scrolls of blinking
 s - a scroll of enchant armour {unknown}
 v - 4 scrolls of remove curse
 C - a scroll of teleportation
 E - 2 scrolls of fear {unknown}
 M - 2 scrolls of identify
 P - a scroll of amnesia
 Q - 2 scrolls of brand weapon {unknown}
Potions
 h - 4 potions of heal wounds
 i - a potion of lignification
 t - a potion of degeneration
 x - a potion of magic
 B - 2 potions of might
 H - a potion of haste
 J - 2 potions of curing
 S - a potion of flight {unknown}
 T - a potion of ambrosia {unknown}
Comestibles
 d - 25 rations


   Skills:
 + Level 7.5 Fighting
 * Level 11.0 Polearms
 + Level 7.1 Dodging
 * Level 5.0 Stealth
 - Level 6.0 Spellcasting
 - Level 6.3 Conjurations
   Level 1.0 Summonings
 - Level 1.0 Translocations
 + Level 3.4 Invocations


You had 12 spell levels left.
You knew the following spells:

 Your Spells              Type           Power        Failure   Level  Hunger
a - Magic Dart            Conj           ####         1%          1    None
b - Blink                 Tloc           N/A          11%         2    None
c - Conjure Flame         Conj/Fire      ###.....     9%          3    ##.....
d - Slow                  Hex            #.......     16%         2    None
e - Mephitic Cloud        Conj/Pois/Air  ##......     13%         3    ##.....


Dungeon Overview and Level Annotations

Branches:
Dungeon (9/15)             Temple (1/1) D:7            Lair (4/6) D:8
  Swamp (0/4) Lair:3
  Snake: Lair:2-4    Spider: Lair:2-4       Orc: D:9-12

Altars:
Ashenzari
Cheibriados
Dithmenos
Elyvilon
Fedhas
Gozag
Hepliaklqana
Kikubaaqudgha
Makhleb
Nemelex Xobeh
Okawaru
Qazlal
Ru
Sif Muna
Trog
Uskayaw
Vehumet
Wu Jian
Xom
Yredelemnul
Zin
The Shining One

Shops:
D:7 }

Annotations:
D:4 Azalit's ghost, novice VSBe
Lair:2 Snorg
Lair:3 Harold


Innate Abilities, Weirdness & Mutations

((You have razor-sharp teeth.))
You heal very quickly.
When hurt, damage is shared between your health and your magic reserves.
((Your bite disrupts and absorbs the magic of your enemies.))
Potions cannot restore your health.
You are immune to rotting.


Message History

The wolf completely misses you.
You hit the spiny frog but do no damage.
The spiny frog is heavily wounded.
You hit the spiny frog.
The spiny frog seems to slow down.
You freeze the spiny frog.
The spiny frog is severely wounded.
The spiny frog stings you.
* * * LOW HITPOINT WARNING * * *
You hit the spiny frog.
The spiny frog seems to slow down.
You freeze the spiny frog.
The spiny frog is severely wounded.
The wolf bites you but does no damage.
You puncture the spiny frog! You freeze the spiny frog.
The spiny frog is almost dead.
The wolf bites you but does no damage.
The spiny frog stings you but does no damage.
You hit the spiny frog but do no damage.
The spiny frog is almost dead.
The wolf bites you.
You die...

#......≈♣♣♣≈.....##..
#......≈♣ ♣≈......###
#......≈♣♣♣≈.......#.
#.#....≈≈≈≈≈.#.......
##...........#..#.#⌠.
##.P#.........##.#..
#...h......#.##.##.
###.F...........#.###
#...♣h.........#...#.
#.............##.....
##............##.....#
#.......D.....##......
#.....................
##....P...............
##...................
#...........##......
##...P.......###P....


You could see a seven-headed hydra, a spiny frog and 2 wolves.

Vanquished Creatures
  A rime drake (Lair:2)
  2 spiny frogs
  2 komodo dragons
  Prince Ribbit (D:6)
  Grinder (D:6)
  4 hippogriffs
  10 yaks
  Menkaure (D:5)
  A hungry ghost (D:8)
  4 water moccasins
  5 porcupines
  An orc warrior (D:7)
  A phantom (D:8)
  4 ogres
  2 wolves
  2 crocodiles
  7 centaurs
  Blork the orc (D:5)
  3 big kobolds (D:4)
  5 bullfrogs
  2 scorpions
  A howler monkey (D:6)
  5 wights (D:8)
  5 crimson imps
  A bullfrog zombie (D:8)
  An orc priest (D:7)
  Crazy Yiuf (D:5)
  5 hounds
  2 jellies
  7 orc wizards
  A centaur skeleton (D:7)
  4 worker ants
  2 hound zombies
  2 hound skeletons
  12 gnolls
  18 adders
  A shadow imp (D:8)
  15 oozes
  An adder skeleton (D:7)
  3 worms
  2 dart slugs (D:2)
  16 leopard geckos
  17 orcs
  5 bats
  16 giant cockroaches
  27 goblins
  21 hobgoblins
  9 jackals
  11 kobolds
  A quokka (D:2)
  6 ball pythons
  17 frilled lizards
  A jackal skeleton (D:8)
  8 rats
304 creatures vanquished.

Vanquished Creatures (others)
  6 fungi
  A plant (Lair:3)
7 creatures vanquished.

Grand Total: 311 creatures vanquished

Notes
Turn   | Place    | Note
-------+----------+-------------------------------------------
     0 | D:1      | omnomnOMINOUS the Vine Stalker Wizard began the quest for the Orb.
     0 | D:1      | Reached XP level 1. HP: 9/9 MP: 5/5
   346 | D:1      | Reached XP level 2. HP: 5/14 MP: 0/7
   350 | D:1      | Learned a level 2 spell: Blink
  1192 | D:2      | Reached skill level 1 in Fighting
  1192 | D:2      | Reached XP level 3. HP: 18/18 MP: 0/9
  1197 | D:2      | Learned a level 3 spell: Conjure Flame
  1421 | D:2      | Found a glowing silver altar of Zin.
  1644 | D:2      | Found a stormy altar of Qazlal.
  2051 | D:2      | Gained mutation: Your natural rate of healing is unusually fast. [Vine Stalker growth]
  2051 | D:2      | Reached XP level 4. HP: 22/22 MP: 8/11
  2413 | D:3      | Found a glowing drain.
  2446 | D:3      | Noticed an ogre
  2461 | D:3      | Found a hide-covered altar of Uskayaw.
  2483 | D:3      | Killed an ogre
  2483 | D:3      | Reached skill level 5 in Spellcasting
  2483 | D:3      | Reached XP level 5. HP: 16/26 MP: 1/13
  2549 | D:3      | Reached XP level 6. HP: 24/30 MP: 5/14
  2639 | Sewer    | Entered a sewer
  3869 | D:3      | Reached XP level 7. HP: 30/35 MP: 6/17
  4034 | D:3      | Found a shadowy altar of Dithmenos.
  4119 | D:3      | Found a sparkling altar of Nemelex Xobeh.
  4599 | D:4      | Found an ancient bone altar of Kikubaaqudgha.
  4848 | D:4      | Found an iron altar of Okawaru.
  5051 | D:4      | Noticed Azalit's ghost (novice VSBe)
  6777 | D:4      | Gained mutation: You have razor-sharp teeth. [Vine Stalker growth]
  6777 | D:4      | Reached XP level 8. HP: 35/42 MP: 9/18
  7089 | D:5      | Entered Level 5 of the Dungeon
  7097 | D:5      | Noticed Menkaure
  7111 | D:5      | Killed Menkaure
  7735 | D:5      | Found a runed door.
  7908 | D:5      | Noticed Crazy Yiuf
  7920 | D:5      | Killed Crazy Yiuf
  7920 | D:5      | Reached skill level 5 in Conjurations
  7995 | D:6      | Noticed Grinder
  8146 | D:6      | Noticed Blork the orc
  8337 | D:5      | Killed Blork the orc
  8398 | D:6      | Found a glowing golden altar of the Shining One.
  8410 | D:6      | Became a worshipper of the Shining One
  8444 | D:6      | Paralysed by Grinder for 3 turns
  8468 | D:6      | Killed Grinder
  8468 | D:6      | Reached skill level 5 in Fighting
  8468 | D:6      | Reached skill level 5 in Dodging
  8468 | D:6      | Reached XP level 9. HP: 31/47 MP: 16/19
  8671 | D:6      | Reached skill level 1 in Invocations
  8802 | D:6      | Noticed Prince Ribbit
  8809 | D:6      | Killed Prince Ribbit
  8890 | D:6      | Found the +2 pair of boots of the Assassin {Detection Stab+ Stlth++}
  9045 | D:7      | Reached skill level 1 in Polearms
  9093 | D:7      | Found a staircase to the Ecumenical Temple.
  9120 | D:7      | Reached skill level 2 in Polearms
  9135 | Temple   | Entered the Ecumenical Temple
  9373 | D:7      | Found Abudiat's Gadget Boutique.
  9803 | D:7      | Reached skill level 3 in Polearms
  9921 | D:7      | Reached * piety under the Shining One
 10012 | D:7      | Learned a level 2 spell: Slow
 10016 | D:7      | Learned a level 3 spell: Mephitic Cloud
 10340 | D:8      | Reached XP level 10. HP: 48/53 MP: 17/20
 10375 | D:8      | Reached skill level 4 in Polearms
 10512 | D:8      | Got a sparkling crystal amulet
 10513 | D:8      | Identified the amulet "Agav Poi" {rPois Regen+ Str+4 Dex+2} (You found it on level 8 of the Dungeon)
 10678 | D:8      | Found a burning altar of Makhleb.
 10821 | D:8      | Reached ** piety under the Shining One
 10835 | D:8      | Found a staircase to the Lair.
 10888 | D:8      | Reached skill level 5 in Polearms
 11060 | Lair:1   | Entered Level 1 of the Lair of Beasts
 11205 | Lair:1   | Noticed a spiny frog
 11403 | Lair:1   | Reached skill level 10 in Polearms
 11403 | Lair:1   | Reached XP level 11. HP: 58/58 MP: 21/21
 12556 | D:3      | Fell from the grace of the Shining One
 12556 | D:3      | Became a worshipper of Dithmenos the Shadowed
 12792 | Lair:2   | Noticed a seven-headed hydra
 13076 | Lair:2   | Gained mutation: You heal very quickly. [Vine Stalker growth]
 13076 | Lair:2   | Reached XP level 12. HP: 53/63 MP: 17/22
 13201 | Lair:2   | Reached skill level 11 in Polearms
 13394 | Lair:3   | Noticed Snorg
 13438 | Lair:4   | Noticed an eight-headed hydra
 13465 | Lair:3   | Found a staircase to the Swamp.
 13465 | Lair:3   | Noticed Harold
 13509 | Lair:3   | Noticed a five-headed hydra
 13604 | Lair:2   | Reached skill level 5 in Stealth
 13730 | Lair:2   | HP: 4/94 [wolf (4)]
 13733 | Lair:2   | HP: 1/94 [spiny frog (5)]
 13736 | Lair:2   | Slain by a wolf

Vault maps used:
D:1:      minmay_arrival_stair_chambers, corner_web_ring, minmay_statues_item,
          minmay_misc_feat_more_columns
D:2:      lemuel_crystal_altar, nicolae_overflow_hidden_temple
D:3:      lemuel_doored_altar, old_standard_altar, old_standard_altar,
          gup_sewer_entry_glass, serial_park_tiny_1
D:4:      minmay_goblin_kobold_castle, lemuel_round_altar, lemuel_round_altar
D:5:      first_ration, uniq_menkaure, uniq_crazy_yiuf_cottage
D:6:      basic_altar, corexii_hall_statues_s, uniq_blork_the_orc,
          uniq_prince_ribbit1, uniq_grinder
D:7:      minmay_temple_entry_statues_pillars, serial_shops, shop,
          grunt_ogre_cave
D:8:      makhleb_grotto_becter, lair_entry_dummy
D:9:      dk_noncrumbling_3, uniq_pikel, uniq_erica
Temple:   nicolae_temple_great_sept
Lair:1:   serial_bayou_shore_b
Lair:2:   grunt_megastairs_1, infiniplex_staircase_pool_2, lemuel_fruit_fields
Lair:3:   swamp_mist, lemuel_fruit_fields, serial_bayou_shore_b, uniq_harold,
          uniq_snorg
Lair:4:   nicolae_spider_entry_non_spiders, basic_altar
Sewer:    sewer_frog_island_02

Skill      XL: |  1  2  3  4  5  6  7  8  9 10 11 12 |
---------------+-------------------------------------+-----
Fighting       | 1 2 3 5 6 7 |  7.5
Dodging        | 2 3 5 6 7 |  7.1
Spellcasting   | 4 5 6 |  6.0
Conjurations   | 3 6 |  6.3
Invocations    | 2 3 |  3.4
Polearms       | 3 10 11 | 11.0
Stealth        | 4 5 |  5.0
Summonings     | |  1.0
Translocations | |  1.0

Action                   |  1- 3 |  4- 6 |  7- 9 | 10-12 || total
-------------------------+-------+-------+-------+-------++-------
Melee: Unarmed           |    26 |       |       |       ||    26
       Bite              |     7 |    36 |    86 |    88 ||   217
       Dagger            |     5 |   172 |   121 |       ||   298
       Spear             |       |       |   420 |   360 ||   780
Throw: Throwing net      |       |       |       |     2 ||     2
 Cast: Magic Dart        |   100 |   150 |   188 |    11 ||   449
       Blink             |     1 |     3 |    14 |     2 ||    20
       Conjure Flame     |       |       |    11 |     9 ||    20
       Mephitic Cloud    |       |       |     1 |     1 ||     2
  Use: Scroll            |     4 |     6 |     1 |     8 ||    19
       Potion            |       |     4 |     3 |     3 ||    10
 Stab: Sleeping          |       |     2 |     3 |     5 ||    10
       Distracted        |       |       |       |     2 ||     2
  Eat: Chunk             |     8 |    11 |    22 |     6 ||    47
       Ration            |       |       |       |     1 ||     1
Armor: Robe              |     9 |    40 |    25 |       ||    74
       Leather armour    |       |       |    54 |    40 ||    94
       Skin              |       |       |       |    33 ||    33
Dodge: Dodged            |    38 |   181 |   357 |   136 ||   712

Table legend:
 A = Spawn XP
 B = Non-spawn XP
 C = Spawn XP percentage of total XP
 D = Spawn monster count
 E = Non-spawn monster count
 F = Spawn count percentage of total count
 G = Total turns spent on level
                    A         B        C        D         E        F      G
               +---------+---------+-------+---------+---------+-------+---------
         Total |       0 |   12514 |   0.0 |       0 |     304 |   0.0 | 13736
               +---------+---------+-------+---------+---------+-------+---------
           D:1 |       0 |      30 |   0.0 |       0 |      16 |   0.0 |  1163
           D:2 |       0 |      78 |   0.0 |       0 |      19 |   0.0 |  1124
           D:3 |       0 |     335 |   0.0 |       0 |      34 |   0.0 |  1427
           D:4 |       0 |     642 |   0.0 |       0 |      64 |   0.0 |  2226
           D:5 |       0 |     759 |   0.0 |       0 |      16 |   0.0 |  1283
           D:6 |       0 |    1187 |   0.0 |       0 |      17 |   0.0 |   736
           D:7 |       0 |    1169 |   0.0 |       0 |      24 |   0.0 |   994
           D:8 |       0 |    1977 |   0.0 |       0 |      35 |   0.0 |  1077
        Lair:1 |       0 |    2580 |   0.0 |       0 |      12 |   0.0 |  1098
        Lair:2 |       0 |    2903 |   0.0 |       0 |      16 |   0.0 |   946
        Lair:3 |       0 |     111 |   0.0 |       0 |       1 |   0.0 |   165
        Lair:4 |       0 |     485 |   0.0 |       0 |       2 |   0.0 |    86
         Sewer |       0 |     258 |   0.0 |       0 |      48 |   0.0 |  1220
               +---------+---------+-------+---------+---------+-------+---------
